WLB
SEATTLE MARINERS @ LOS ANGELES DODGERS
05/22/2024
 
TOP OF THE 1ST
Seattle Mariners batting - Pitching for Los Angeles Dodgers : RHP Jose Berrios
Pitching: RHP Jose Berrios
Batting: SHB Greg Allen 0-0: Ball
1-0: Foul Ball, location: 2F
1-1: Ball
2-1: Called Strike
2-2: SINGLE (Groundball, 4MD, EV 100.0 MPH)
Batting: RHB Euribiel Angeles 0-0: Called Strike
Greg Allen steals 2nd base
0-1: SINGLE (Groundball, 34D, EV 99.4 MPH)
Greg Allen to third
Batting: RHB Teoscar Hernandez 0-0: Swinging Strike
0-1: Ball
1-1: Ball
2-1: Foul Ball, location: 5F
2-2: Strikes out swinging
Batting: LHB Michael Conforto 0-0: Ball
1-0: Ball
2-0: SINGLE (Groundball, 13S, EV 66.9 MPH) (infield hit)
Euribiel Angeles to second
Batting: LHB Gavin Sheets 0-0: Swinging Strike
0-1: Ball
1-1: Grounds into double play, 4-6-3 (Groundball, 4M, EV 81.3 MPH)
Top of the 1st over - 0 runs, 3 hits, 0 errors, 2 left on base; Seattle 0 - Los Angeles 0
BOTTOM OF THE 1ST
Los Angeles Dodgers batting - Pitching for Seattle Mariners : RHP Cameron Leonard
Pitching: RHP Cameron Leonard
Batting: SHB Luis Rengifo 0-0: Ball
1-0: Swinging Strike
1-1: Ball
2-1: Swinging Strike
2-2: Strikes out swinging
Batting: LHB Gunnar Henderson 0-0: Called Strike
0-1: Swinging Strike
0-2: Foul Ball, location: 7LDF
0-2: Ball
1-2: Ball
2-2: Strikes out swinging
Batting: LHB Anthony Rizzo 0-0: Ball
1-0: Ball
2-0: Swinging Strike
2-1: Ball
3-1: Base on Balls
Batting: RHB Marcell Ozuna 0-0: Foul Ball, location: 2F
0-1: Reached on error, E6 (Groundball, 6, EV 86.3 MPH)
Anthony Rizzo to second
Batting: LHB Brandon Nimmo 0-0: Called Strike
0-1: Called Strike
0-2: Ball
1-2: Foul Ball, location: 25FF
1-2: Foul Ball, location: 2F
1-2: Foul Ball, location: 5SF
1-2: Ball
2-2: DOUBLE (Line Drive, 9LS, EV 90.6 MPH)
Anthony Rizzo scores
Marcell Ozuna to third
Runner from 3rd tries for Home, SAFE, throw by RF to home
Pitching: RHP Caleb Kilian
Batting: RHB Ramon Urias 0-0: Foul Ball, location: 23FF
0-1: Ball
Wild Pitch!
Brandon Nimmo to third
1-1: Ball
2-1: Fly out, F4 (Popup, 4M, EV 54.4 MPH)
Bottom of the 1st over - 2 runs, 1 hit, 1 error, 1 left on base; Seattle 0 - Los Angeles 2
TOP OF THE 2ND
Seattle Mariners batting - Pitching for Los Angeles Dodgers : RHP Jose Berrios
Batting: RHB Jose Barrero 0-0: Swinging Strike
0-1: Foul Ball, location: 5F
0-2: Ball
1-2: Ball
2-2: Fly out, F8 (Flyball, 89D, EV 110.0 MPH)
Batting: LHB Donovan Walton 0-0: Foul Ball, location: 7LSF
0-1: Ground out 4-3 (Groundball, 34, EV 102.5 MPH)
Batting: RHB Yairo Munoz 0-0: Ball
1-0: Called Strike
1-1: Ball
2-1: Fly out, F8 (Flyball, 8LD, EV 108.1 MPH)
Top of the 2nd over - 0 runs, 0 hits, 0 errors, 0 left on base; Seattle 0 - Los Angeles 2
BOTTOM OF THE 2ND
Los Angeles Dodgers batting - Pitching for Seattle Mariners : RHP Caleb Kilian
Batting: LHB Alex Verdugo 0-0: Ball
1-0: Foul Ball, location: 7LMF
1-1: Ground out 6-3 (Groundball, 6, EV 101.3 MPH)
Batting: RHB Brent Rooker 0-0: Called Strike
0-1: Foul Ball, location: 2F
0-2: Ball
1-2: Ground out 5-3 (Groundball, 56S, EV 75.0 MPH)
Batting: RHB Elias Diaz 0-0: Ball
1-0: Foul Ball, location: 3FF
1-1: Fly out, F8 (Flyball, 8RM, EV 93.1 MPH)
Bottom of the 2nd over - 0 runs, 0 hits, 0 errors, 0 left on base; Seattle 0 - Los Angeles 2
TOP OF THE 3RD
Seattle Mariners batting - Pitching for Los Angeles Dodgers : RHP Jose Berrios
Batting: RHB Joey Bart 0-0: Foul Ball, location: 9LSF
0-1: Ball
1-1: Fly out, F8 (Flyball, 8RD, EV 105.6 MPH)
Batting: SHB Greg Allen 0-0: Swinging Strike
0-1: Ball
1-1: Foul Ball, location: 9LSF
1-2: Ball
2-2: Ball
3-2: Foul Ball, location: 9LMFF
3-2: Foul Ball, location: 2F
3-2: Ground out 4-3 (Groundball, 4, EV 86.3 MPH)
Batting: RHB Euribiel Angeles 0-0: Ball
1-0: Foul Ball, location: 9LSF
1-1: Ball
2-1: Ground out 4-3 (Groundball, 4, EV 83.8 MPH)
Top of the 3rd over - 0 runs, 0 hits, 0 errors, 0 left on base; Seattle 0 - Los Angeles 2
BOTTOM OF THE 3RD
Los Angeles Dodgers batting - Pitching for Seattle Mariners : RHP Caleb Kilian
Batting: SHB Luis Rengifo 0-0: Ball
1-0: Fly out, F9 (Flyball, 9D, EV 91.3 MPH)
Batting: LHB Gunnar Henderson 0-0: Called Strike
0-1: Ball
1-1: Called Strike
1-2: Foul Ball, location: 2F
1-2: Fly out, F8 (Flyball, 8LS, EV 90.6 MPH)
Batting: LHB Anthony Rizzo 0-0: Ball
1-0: Called Strike
1-1: Swinging Strike
1-2: Ground out U3 (Groundball, 34, EV 99.4 MPH)
Bottom of the 3rd over - 0 runs, 0 hits, 0 errors, 0 left on base; Seattle 0 - Los Angeles 2
TOP OF THE 4TH
Seattle Mariners batting - Pitching for Los Angeles Dodgers : RHP Jose Berrios
Batting: RHB Teoscar Hernandez 0-0: Ball
1-0: Foul Ball, location: 7LMF
1-1: Ball
2-1: Foul Ball, location: 5SF
2-2: Ball
3-2: Foul Ball, location: 2F
3-2: Foul Ball, location: 3F
3-2: SINGLE (Line Drive, 89M, EV 101.3 MPH)
Batting: LHB Michael Conforto 0-0: Ball
1-0: Ball
2-0: Foul Ball, location: 7LSF
2-1: Grounds out, U3 (Groundball, 3L, EV 97.5 MPH)
Batting: LHB Gavin Sheets 0-0: SINGLE (Groundball, 4MD, EV 96.9 MPH)
Teoscar Hernandez to third
Runner from 3rd tries for Home, SAFE, throw by CF to home
Gavin Sheets to second
Batting: RHB Jose Barrero 0-0: Reached on error, E5 (Groundball, 15, EV 88.8 MPH)
Batting: LHB Donovan Walton 0-0: Ball
1-0: Swinging Strike
1-1: Fly out, F8 (Flyball, 8LD, EV 100.0 MPH)
Batting: RHB Yairo Munoz 0-0: DOUBLE (Line Drive, 7LD, EV 106.9 MPH)
Gavin Sheets scores
Jose Barrero to third
Runner from 3rd tries for Home, SAFE, no throw by LF
Batting: RHB Joey Bart 0-0: Ball
1-0: Ball
2-0: Ball
3-0: Called Strike
3-1: Base on Balls
Batting: SHB Greg Allen 0-0: Called Strike
0-1: Called Strike
0-2: Foul Ball, location: 2F
0-2: Ball
1-2: Ground out 4-3 (Groundball, 4, EV 78.8 MPH)
Top of the 4th over - 3 runs, 3 hits, 1 error, 2 left on base; Seattle 3 - Los Angeles 2
BOTTOM OF THE 4TH
Los Angeles Dodgers batting - Pitching for Seattle Mariners : RHP Caleb Kilian
Batting: RHB Marcell Ozuna 0-0: Ball
1-0: Ball
2-0: Ball
3-0: Foul Ball, location: 2RF
3-1: Base on Balls
Batting: LHB Brandon Nimmo 0-0: Ball
1-0: Ball
2-0: Ball
Marcell Ozuna steals 2nd base
3-0: Called Strike
3-1: Foul Ball, location: 2F
3-2: Fly out, F4 (Popup, 4, EV 73.8 MPH)
Batting: RHB Ramon Urias 0-0: Called Strike
0-1: Called Strike
0-2: Ball
1-2: Ball
2-2: Strikes out swinging
Batting: LHB Alex Verdugo 0-0: Ball
1-0: Ball
2-0: Ball
3-0: Called Strike
3-1: Foul Ball, location: 5DF
3-2: DOUBLE (Groundball, 3L, EV 103.8 MPH)
Marcell Ozuna scores
Batting: RHB Brent Rooker 0-0: Foul Ball, location: 7LDF
0-1: Ball
1-1: Called Strike
1-2: Strikes out swinging
Bottom of the 4th over - 1 run, 1 hit, 0 errors, 1 left on base; Seattle 3 - Los Angeles 3
TOP OF THE 5TH
Seattle Mariners batting - Pitching for Los Angeles Dodgers : RHP Jose Berrios
Batting: RHB Euribiel Angeles 0-0: Ball
1-0: Called Strike
1-1: Ball
2-1: Ground out 4-3 (Groundball, 4MD, EV 107.5 MPH)
Batting: RHB Teoscar Hernandez 0-0: Ball
1-0: Called Strike
1-1: Swinging Strike
1-2: Strikes out swinging
Batting: LHB Michael Conforto 0-0: Ball
1-0: Called Strike
1-1: Ball
2-1: Swinging Strike
2-2: Ball
3-2: Strikes out swinging
Top of the 5th over - 0 runs, 0 hits, 0 errors, 0 left on base; Seattle 3 - Los Angeles 3
BOTTOM OF THE 5TH
Los Angeles Dodgers batting - Pitching for Seattle Mariners : RHP Caleb Kilian
Batting: RHB Elias Diaz 0-0: Ball
1-0: Fly out, F2 (Popup, 3SF, EV 81.3 MPH)
Batting: SHB Luis Rengifo 0-0: Fly out, F4 (Popup, 4S, EV 72.5 MPH)
Batting: LHB Gunnar Henderson 0-0: Called Strike
0-1: Called Strike
0-2: Fly out, F9 (Line Drive, 9, EV 96.9 MPH)
Bottom of the 5th over - 0 runs, 0 hits, 0 errors, 0 left on base; Seattle 3 - Los Angeles 3
TOP OF THE 6TH
Seattle Mariners batting - Pitching for Los Angeles Dodgers : RHP Jose Berrios
Batting: LHB Gavin Sheets 0-0: Called Strike
0-1: Ball
1-1: Swinging Strike
1-2: Foul Ball, location: 2F
1-2: Fly out, F7 (Flyball, 7, EV 80.0 MPH)
Pitching: LHP Keegan Akin
Batting: RHB Jose Barrero 0-0: Called Strike
0-1: Foul Ball, location: 2F
0-2: Ball
1-2: Fly out, F8 (Flyball, 8RXD, EV 100.6 MPH)
Batting: LHB Donovan Walton 0-0: Swinging Strike
0-1: Swinging Strike
0-2: Foul Ball, location: 9LMF
0-2: Ball
1-2: Strikes out swinging
Top of the 6th over - 0 runs, 0 hits, 0 errors, 0 left on base; Seattle 3 - Los Angeles 3
BOTTOM OF THE 6TH
Los Angeles Dodgers batting - Pitching for Seattle Mariners : RHP Caleb Kilian
Batting: LHB Anthony Rizzo 0-0: Called Strike
0-1: Ball
1-1: Ball
2-1: Foul Ball, location: 3F
2-2: Ball
3-2: Strikes out swinging
Batting: RHB Marcell Ozuna 0-0: Called Strike
0-1: Called Strike
0-2: Foul Ball, location: 3DF
0-2: Strikes out swinging
Batting: LHB Brandon Nimmo 0-0: Ground out U3 (Groundball, 3, EV 103.1 MPH)
Bottom of the 6th over - 0 runs, 0 hits, 0 errors, 0 left on base; Seattle 3 - Los Angeles 3
TOP OF THE 7TH
Seattle Mariners batting - Pitching for Los Angeles Dodgers : LHP Keegan Akin
Batting: RHB Yairo Munoz 0-0: Ball
1-0: SINGLE (Line Drive, 7S, EV 89.4 MPH)
Batting: RHB Joey Bart 0-0: Ball
Yairo Munoz steals 2nd base
1-0: Foul Ball, location: 2F
1-1: Ball
2-1: Ball
3-1: Base on Balls
Batting: SHB Greg Allen 0-0: Bunted foul
0-1: Ball
1-1: Bunt missed!
1-2: Strikes out swinging
Batting: RHB Euribiel Angeles 0-0: Ball
1-0: Foul Ball, location: 2F
1-1: Called Strike
1-2: Ground out 6-3 (Groundball, 6S, EV 71.3 MPH)
Yairo Munoz to third
Joey Bart to second
Batting: RHB Teoscar Hernandez 0-0: Ball
1-0: Swinging Strike
1-1: Foul Ball, location: 9LMF
1-2: Ball
2-2: Ball
3-2: Strikes out swinging
Top of the 7th over - 0 runs, 1 hit, 0 errors, 2 left on base; Seattle 3 - Los Angeles 3
BOTTOM OF THE 7TH
Los Angeles Dodgers batting - Pitching for Seattle Mariners : RHP Caleb Kilian
Batting: RHB Ramon Urias 0-0: Fly out, F8 (Line Drive, 8RD, EV 88.8 MPH)
Batting: LHB Alex Verdugo 0-0: Ball
1-0: Ball
2-0: Called Strike
2-1: Ball
3-1: Foul Ball, location: 7LMF
3-2: Fly out, F8 (Flyball, 89M, EV 95.6 MPH)
Batting: RHB Brent Rooker 0-0: Fly out, F7 (Line Drive, 78M, EV 90.0 MPH)
Bottom of the 7th over - 0 runs, 0 hits, 0 errors, 0 left on base; Seattle 3 - Los Angeles 3
TOP OF THE 8TH
Seattle Mariners batting - Pitching for Los Angeles Dodgers : LHP Keegan Akin
Pitching: RHP Camilo Doval
Batting: LHB Michael Conforto 0-0: Swinging Strike
0-1: Foul Ball, location: 9LSF
0-2: Foul Ball, location: 2F
0-2: DOUBLE (Groundball, 3L, EV 100.0 MPH)
Batting: LHB Gavin Sheets 0-0: Intentional Walk
Batting: RHB Jose Barrero 0-0: Called Strike
0-1: Foul Ball, location: 9LSF
0-2: Ball
1-2: Ground out 6-3 (Groundball, 56, EV 101.9 MPH)
Michael Conforto to third
Gavin Sheets to second
Batting: LHB Donovan Walton 0-0: Called Strike
0-1: Called Strike
0-2: Ball
1-2: Foul Ball, location: 7LSF
1-2: Strikes out swinging
Batting: RHB Yairo Munoz 0-0: Ball
1-0: Swinging Strike
1-1: Called Strike
1-2: Ball
2-2: Ball
3-2: Foul Ball, location: 5SF
3-2: Strikes out swinging
Top of the 8th over - 0 runs, 1 hit, 0 errors, 2 left on base; Seattle 3 - Los Angeles 3
BOTTOM OF THE 8TH
Los Angeles Dodgers batting - Pitching for Seattle Mariners : RHP Caleb Kilian
Batting: RHB Elias Diaz 0-0: Ball
1-0: Foul Ball, location: 3FF
1-1: Ground out U3 (Groundball, 3L, EV 83.8 MPH)
Batting: SHB Luis Rengifo 0-0: DOUBLE (Line Drive, 3D, EV 100.0 MPH)
Batting: LHB Gunnar Henderson 0-0: Called Strike
0-1: Ball
1-1: DOUBLE (Line Drive, 78XD, EV 98.1 MPH)
Luis Rengifo scores
Batting: LHB Anthony Rizzo 0-0: Swinging Strike
0-1: Hit by Pitch
Batting: RHB Marcell Ozuna 0-0: Called Strike
Gunnar Henderson steals 3rd base
Anthony Rizzo to second
0-1: Ball
1-1: Ball
2-1: Ball
3-1: Fly out, F9 (Flyball, 89D, EV 100.6 MPH)
Batting: LHB Brandon Nimmo Balk!
Gunnar Henderson scores
Anthony Rizzo to third
0-0: Foul Ball, location: 3DF
0-1: Swinging Strike
0-2: Ball
1-2: Ball
2-2: Ball
3-2: Ground out 4-3 (Groundball, 4, EV 90.6 MPH)
Bottom of the 8th over - 2 runs, 2 hits, 0 errors, 1 left on base; Seattle 3 - Los Angeles 5
TOP OF THE 9TH
Seattle Mariners batting - Pitching for Los Angeles Dodgers : RHP Camilo Doval
Pitching: RHP Ryan Pressly
Batting: RHB Joey Bart 0-0: Ball
1-0: Ball
2-0: Called Strike
2-1: Fly out, F7 (Line Drive, 7LM, EV 97.5 MPH)
Batting: SHB Greg Allen 0-0: Ball
1-0: Foul Ball, location: 2F
1-1: Fly out, F8 (Flyball, 8LD, EV 105.0 MPH)
Batting: RHB Euribiel Angeles 0-0: Fly out, F9 (Flyball, 89S, EV 84.4 MPH)
Top of the 9th over - 0 runs, 0 hits, 0 errors, 0 left on base; Seattle 3 - Los Angeles 5
Tuesday, April 2nd , 2024 - OOTP Baseball 24.11 Build 85